 Dungeon Crawl Stone Soup version 0.29-a0-892-g2c4c91d9db (webtiles) character file.

Game seed: 17233945835129905372

114 sanka the Magician (level 5, 0/40 HPs)
             Began as a Meteoran Transmuter on July 22, 2022.
             Was an Initiate of Makhleb.
             Succumbed to a scorpion's poison
             ... on level 4 of the Dungeon.
             The game lasted 00:07:09 (1491 turns).

sanka the Magician (Meteoran Transmuter)            Turns: 1491, Time: 00:07:10

Health: 0/40       AC:  2    Str: 12    XL:     5   Next: 42%
Magic:  10/12      EV: 12    Int: 16    God:    Makhleb [......]
Gold:   69         SH:  0    Dex: 14    Spells: 6/12 levels left

rFire   . . .      SeeInvis .     - Unarmed
rCold   . . .      Faith    .   (no shield)
rNeg    . . .      Spirit   .   a - +0 robe
rPois   .          Reflect  .   (helmet currently unavailable)
rElec   .          Harm     .   (no cloak)
rCorr   .          Rampage  .   (no gloves)
Will    .....                   (boots currently unavailable)
Stlth   +.........              (no amulet)
HPRegen 0.13/turn               (no ring)
MPRegen 0.13/turn               (no ring)

@: lethally poisoned (0 -> -8), appendages, wereblooded, glowing
A: horns 2, talons 2, sense surroundings 1, otherworldly, glowing, explore regen
a: End Transformation, Renounce Religion


You were on level 4 of the Dungeon.
You worshipped Makhleb.
Makhleb was noncommittal.
You had temporarily grown beastly horns and talons.
You visited 1 branch of the dungeon, and saw 4 of its levels.

You collected 108 gold pieces.
You spent 39 gold pieces at shops.


Innate Abilities, Weirdness & Mutations

You have temporarily grown beastly horns and talons.
You passively map a small area around you.
You are easily found by Zot.
You glow in the dark.
You regain HP and MP as you explore.


   Skills:
 - Level 1.1 Fighting
 - Level 2.4 Dodging
 - Level 3.6 Unarmed Combat
 - Level 4.0 Spellcasting
 + Level 4.0 Transmutations
 + Level 3.0 Poison Magic


You had 6 spell levels left.
You knew the following spells:

 Your Spells              Type           Power      Damage    Failure   Level
x - Spider Form           Tmut/Pois      14%        N/A       12%         3
y - Wereblood             Tmut           16%        N/A       4%          2
z - Beastly Appendage     Tmut           32%        N/A       3%          1

Your spell library contained the following spells:

 Spells                   Type           Power      Damage    Failure   Level
 Ice Form                 Ice/Tmut       9%         N/A       58%         4

Inventory:

Hand Weapons
 f - a +3 hand axe of electrocution
 g - a +0 executioner's axe
Missiles
 o - 3 javelins
Armour
 a - a +0 robe (worn)
Magical Staves
 c - a staff of air
Jewellery
 m - a ring of poison resistance
 q - a ring of ice
Scrolls
 d - 2 scrolls of identify {unknown}
 e - a scroll of poison {unknown}
 i - 3 scrolls of teleportation {unknown}
 n - 2 scrolls of immolation {unknown}
 p - 3 scrolls of blinking {unknown}
Potions
 b - a potion of lignification {!q}
 h - a potion of heal wounds {unknown}
 j - a potion of curing {@q1}
 k - a potion of haste {unknown}
 l - 2 potions of berserk rage {unknown}

Dungeon Overview and Level Annotations

Branches:
Dungeon (4/15) Zot: 917
 Temple: D:4-7

Altars:
Makhleb
Okawaru

Shops:
D:2

! ,
,...............▒▒...
..
..............▒▒...
.o▒
▒...........▒▒...<
.▒o▒░
.▒.......▒▒▒▒▒▒..▒
▒.▒.▒
▒.▒......▒▒▒.....▒
▒S▒o▒
▒...........▒▒..
░▒(.o▒░▒..........▒
...
▒/▒o▒▒......▒▒.......
▒.▒p▒.......▒......▒
░ ▒s▒)..▒▒..▒▒ ▒▒...,
░▒▒..▒▒▒......
.......r.▒, .▒▒..,
▒.........., ▒▒ .▒▒
▒▒..s......▒ ░ ▒ , ░
, ▒........▒▒░, ░ ░
▒....>..... ,
............


You could see a scorpion, 2 orc wizards and 3 orcs.


Message History

The scorpion is lightly wounded.
You hear a shout!
The orc closely misses you.
An orc comes into view. It is wielding a +0 mace.
The scorpion stings you.
* * * LOW HITPOINT WARNING * * *
You are poisoned.
The scorpion poisons you!
You completely miss the scorpion. Your kick misses the scorpion.
You headbutt the scorpion!
The scorpion is heavily wounded.
* * * LOW HITPOINT WARNING * * *
You feel very sick. The scorpion closely misses you.
The orc hits you with a +0 flail.
* * * LOW HITPOINT WARNING * * *
You barely miss the scorpion.
The scorpion is heavily wounded.
* * * LOW HITPOINT WARNING * * *
You feel very sick. The scorpion stings you.
* * * LOW HITPOINT WARNING * * *
An orc wizard comes into view. It is wielding a +0 dagger.
The orc barely misses you.
You hit the scorpion. Your kick misses the scorpion.
Your headbutt misses the scorpion.
The scorpion is heavily wounded.
You die...

Action                   |  1- 3 |  4- 6 || total
-------------------------+-------+-------++-------
Melee: Unarmed           |    88 |    64 ||   152
       Kick              |     4 |     6 ||    10
       Headbutt          |     4 |     3 ||     7
       Punch             |     1 |       ||     1
 Cast: Beastly Appendage |     4 |     7 ||    11
       Wereblood         |       |     2 ||     2
       Spider Form       |       |     1 ||     1
  Use: Potion            |       |     1 ||     1
Armor: Robe              |    19 |     8 ||    27
Dodge: Dodged            |    30 |    30 ||    60

Levels and vault maps discovered:
D:1:      onia_arrival_mini_maze_b, layout_basic
D:2:      layout_rooms, serial_shops, shop
D:3:      layout_basic, mainiacjoe_overflow_paths, lemuel_doored_altar,
          hellmonk_ecumenical_altar_crossroads, minivault_25
D:4:      layout_cave_pools, mainiacjoe_overflow_chevrons, lemuel_tele_altar,
          minmay_circle_x, uniq_grinder

Notes
Turn   | Place    | Note
-------+----------+-------------------------------------------
     0 | D:1      | sanka the Meteoran Transmuter began the quest for the Orb.
     0 | D:1      | Reached XP level 1. HP: 16/16 MP: 5/5
   167 | D:2      | Reached XP level 2. HP: 3/23 MP: 6/6
   188 | D:1      | Reached skill level 3 in Spellcasting
   188 | D:1      | Reached skill level 1 in Poison Magic
   191 | D:1      | HP: 2/23 [hobgoblin (3)]
   529 | D:2      | Reached skill level 3 in Transmutations
   529 | D:2      | Reached XP level 3. HP: 11/28 MP: 8/8
   554 | D:2      | Found Ilaexky's Distillery.
   623 | D:2      | Learned a level 2 spell: Wereblood
   627 | D:2      | Learned a level 3 spell: Spider Form
   695 | D:2      | Bought a potion of curing for 39 gold pieces
   893 | D:3      | Found a burning altar of Makhleb.
   918 | D:3      | Reached skill level 2 in Poison Magic
   918 | D:3      | Reached XP level 4. HP: 24/35 MP: 8/10
   948 | D:3      | Became a worshipper of Makhleb the Destroyer
  1054 | D:3      | Found an iron altar of Okawaru.
  1137 | D:3      | Reached skill level 4 in Spellcasting
  1137 | D:3      | Reached XP level 5. HP: 19/40 MP: 6/12
  1140 | D:3      | HP: 4/40 [poisoned by an orc]
  1141 | D:3      | HP: 1/40 [poisoned by an orc]
  1217 | D:3      | Found a faded altar of an unknown god.
  1453 | D:4      | Reached skill level 4 in Transmutations
  1466 | D:4      | Reached skill level 3 in Poison Magic
  1490 | D:4      | HP: 2/40 [scorpion (5)]
  1491 | D:4      | Succumbed to a scorpion's poison

Vanquished Creatures
  An orc wizard (D:3)
  3 adders
  A worm (D:2)
  2 dart slugs
  5 orcs (D:3)
  8 ball pythons
  2 endoplasms (D:3)
  3 giant cockroaches
  3 goblins
  6 hobgoblins
  4 jackals (D:3)
  2 kobolds
  A quokka (D:4)
  A bat (D:2)
  3 frilled lizards
  2 rats (D:3)
47 creatures vanquished.
